| TOP OF THE 1ST |
|
Miami Marlins batting - Pitching for Washington Nationals : RHP Danny Diaz
|
|
Pitching: RHP Danny Diaz
|
|
|
Batting: RHB Roger Salazar
|
0-0: Ground out 6-3 (Groundball, 6, EV 82.5 MPH)
|
|
Batting: SHB Ramon Martinez
|
0-0: Foul Ball, location: 2F 0-1: Swinging Strike 0-2: Ball 1-2: Strikes out swinging
|
|
Batting: LHB Andre Gorter
|
0-0: Called Strike 0-1: Ground out 4-3 (Groundball, 34S, EV 76.2 MPH)
|
| Top of the 1st over - 0 runs, 0 hits, 0 errors, 0 left on base; Miami 0 - Washington 0 |
| BOTTOM OF THE 1ST |
|
Washington Nationals batting - Pitching for Miami Marlins : RHP Link Zeller
|
|
Pitching: RHP Link Zeller
|
|
|
Batting: LHB Bi-jun Chien
|
0-0: Swinging Strike 0-1: Ball 1-1: Called Strike 1-2: Foul Ball, location: 2F 1-2: Ball 2-2: Foul Ball, location: 2F 2-2: Strikes out swinging
|
|
Batting: LHB Bob Melley
|
0-0: Ball 1-0: Foul Ball, location: 2F 1-1: Ground out 4-3 (Groundball, 4, EV 105.6 MPH)
|
|
Batting: RHB John Sanders
|
0-0: Fly out, F8 (Flyball, 89M, EV 89.4 MPH)
|
| Bottom of the 1st over - 0 runs, 0 hits, 0 errors, 0 left on base; Miami 0 - Washington 0 |
| TOP OF THE 2ND |
|
Miami Marlins batting - Pitching for Washington Nationals : RHP Danny Diaz
|
|
Batting: RHB Jimmy Groseclose
|
0-0: Ball 1-0: Ground out 4-3 (Groundball, 4M, EV 106.2 MPH)
|
|
Batting: RHB Tony Stedman
|
0-0: Ball 1-0: Ball 2-0: Ball 3-0: Base on Balls
|
|
Batting: LHB Jose Bregaro
|
0-0: Ball 1-0: 2-RUN HOME RUN (Flyball, 9D, EV 96.9 MPH), Distance : 371 ft
|
|
Batting: LHB Adam Durgin
|
0-0: Ball 1-0: Foul Ball, location: 2F 1-1: Swinging Strike 1-2: Ball 2-2: Ground out U3 (Groundball, 34S, EV 84.4 MPH)
|
|
Batting: RHB Mike Gar
|
0-0: Called Strike 0-1: Swinging Strike 0-2: Ball 1-2: Ball 2-2: Foul Ball, location: 2F 2-2: Fly out, F8 (Flyball, 8LM, EV 96.2 MPH)
|
| Top of the 2nd over - 2 runs, 1 hit, 0 errors, 0 left on base; Miami 2 - Washington 0 |
| BOTTOM OF THE 2ND |
|
Washington Nationals batting - Pitching for Miami Marlins : RHP Link Zeller
|
|
Batting: LHB Seth Cook
|
0-0: Ball 1-0: Ground out 5-3 (Groundball, 5S, EV 84.4 MPH)
|
|
Batting: RHB Dave Vargas
|
0-0: Ball 1-0: Called Strike 1-1: Ball 2-1: Ball 3-1: Foul Ball, location: 2F 3-2: Base on Balls
|
|
Batting: LHB Jeff Luvisi
|
0-0: Ball 1-0: Ball 2-0: Ball 3-0: Called Strike 3-1: Foul Ball, location: 2F 3-2: Fly out, F8 (Flyball, 8RXD, EV 96.2 MPH)
|
|
Batting: RHB Hisayuki Akiyama
|
0-0: Ball 1-0: Fielders Choice at 2nd, 5-4 (Groundball, 5L, EV 107.5 MPH)
|
| Bottom of the 2nd over - 0 runs, 0 hits, 0 errors, 1 left on base; Miami 2 - Washington 0 |
| TOP OF THE 3RD |
|
Miami Marlins batting - Pitching for Washington Nationals : RHP Danny Diaz
|
|
Batting: RHB Willie Chavez
|
0-0: Called Strike 0-1: Ground out 5-3 (Groundball, 56, EV 106.9 MPH)
|
|
Batting: RHB Roger Salazar
|
0-0: Ball 1-0: Ball 2-0: Ground out 4-3 (Groundball, 4S, EV 90.6 MPH)
|
|
Batting: SHB Ramon Martinez
|
0-0: Called Strike 0-1: Swinging Strike 0-2: Strikes out swinging
|
| Top of the 3rd over - 0 runs, 0 hits, 0 errors, 0 left on base; Miami 2 - Washington 0 |
| BOTTOM OF THE 3RD |
|
Washington Nationals batting - Pitching for Miami Marlins : RHP Link Zeller
|
|
Batting: RHB Dan Fallon
|
0-0: Called Strike 0-1: SINGLE (Groundball, 25, EV 70.6 MPH) (infield hit)
|
|
Batting: RHB Darren McCarty Jr.
|
0-0: Ball 1-0: Swinging Strike 1-1: Ball 2-1: Ball 3-1: Foul Ball, location: 2F 3-2: SINGLE (Groundball, 34D, EV 111.2 MPH) Dan Fallon to second Runner from 2nd tries for 3rd, SAFE, throw by RF made to third
|
|
Batting: LHB Bi-jun Chien
|
0-0: Ball 1-0: Called Strike 1-1: Swinging Strike 1-2: Strikes out swinging
|
|
Batting: LHB Bob Melley
|
0-0: Ball 1-0: Called Strike 1-1: Foul Ball, location: 2F 1-2: Foul Ball, location: 2F 1-2: Grounds into double play, 4-6-3 (Groundball, 34, EV 101.2 MPH)
|
| Bottom of the 3rd over - 0 runs, 2 hits, 0 errors, 1 left on base; Miami 2 - Washington 0 |
| TOP OF THE 4TH |
|
Miami Marlins batting - Pitching for Washington Nationals : RHP Danny Diaz
|
|
Batting: LHB Andre Gorter
|
0-0: Called Strike 0-1: Ball 1-1: Ball 2-1: Foul Ball, location: 2F 2-2: Fly out, F8 (Flyball, 8LD, EV 101.2 MPH)
|
|
Batting: RHB Jimmy Groseclose
|
0-0: Foul Ball, location: 2F 0-1: Ball 1-1: SINGLE (Groundball, 34D, EV 106.2 MPH)
|
|
Batting: RHB Tony Stedman
|
0-0: Called Strike 0-1: Foul Ball, location: 2F 0-2: Ball 1-2: Ball 2-2: Strikes out swinging
|
|
Batting: LHB Jose Bregaro
|
0-0: Ball 1-0: Foul Ball, location: 2F 1-1: Foul Ball, location: 2F 1-2: Ball 2-2: Foul Ball, location: 2F 2-2: Strikes out looking
|
| Top of the 4th over - 0 runs, 1 hit, 0 errors, 1 left on base; Miami 2 - Washington 0 |
| BOTTOM OF THE 4TH |
|
Washington Nationals batting - Pitching for Miami Marlins : RHP Link Zeller
|
|
Batting: RHB John Sanders
|
0-0: Ground out U3 (Groundball, 34S, EV 83.1 MPH)
|
|
Batting: LHB Seth Cook
|
0-0: Fly out, F8 (Flyball, 89M, EV 75.6 MPH)
|
|
Batting: RHB Dave Vargas
|
0-0: Ball 1-0: Called Strike 1-1: Ball 2-1: Ball 3-1: Base on Balls
|
|
Batting: LHB Jeff Luvisi
|
0-0: TRIPLE (Flyball, 89XD, EV 110.6 MPH) Dave Vargas scores
|
|
Batting: RHB Hisayuki Akiyama
|
0-0: Ball 1-0: SINGLE (Flyball, 56D, EV 95.6 MPH) Jeff Luvisi scores
|
|
Batting: RHB Dan Fallon
|
0-0: Ball 1-0: Ground out 2-3 (Groundball, 15S, EV 75.6 MPH)
|
| Bottom of the 4th over - 2 runs, 2 hits, 0 errors, 1 left on base; Miami 2 - Washington 2 |
| TOP OF THE 5TH |
|
Miami Marlins batting - Pitching for Washington Nationals : RHP Danny Diaz
|
|
Batting: LHB Adam Durgin
|
0-0: Ball 1-0: Ground out 5-3 (Groundball, 56S, EV 71.9 MPH)
|
|
Batting: RHB Mike Gar
|
0-0: Ball 1-0: Ball 2-0: DOUBLE (Line Drive, 3D, EV 103.1 MPH)
|
|
Batting: RHB Willie Chavez
|
0-0: Ball 1-0: Foul Ball, location: 2F 1-1: Called Strike 1-2: DOUBLE (Groundball, 3L, EV 109.4 MPH) Mike Gar scores
|
|
Batting: RHB Roger Salazar
|
0-0: SINGLE (Line Drive, 8LS, EV 100.6 MPH) Willie Chavez to third
|
|
Batting: SHB Ramon Martinez
|
0-0: Hit by Pitch Roger Salazar to second
|
|
Batting: LHB Andre Gorter
|
0-0: Ball 1-0: Called Strike 1-1: Foul Ball, location: 2F 1-2: SINGLE (Line Drive, 3D, EV 95.6 MPH) Willie Chavez scores Roger Salazar to third Ramon Martinez to second Runner from 3rd tries for Home, SAFE, throw by RF to home
|
|
Pitching: RHP Jon Glenn
|
|
|
Batting: RHB Jimmy Groseclose
|
0-0: Ball 1-0: Called Strike 1-1: Ball 2-1: Fly out, F9 (Line Drive, 9S, EV 90.0 MPH)
|
|
Batting: RHB Tony Stedman
|
0-0: Ball 1-0: SINGLE (Groundball, 4D, EV 103.1 MPH) Ramon Martinez to third Andre Gorter to second Runner from 3rd tries for Home, SAFE, throw by CF to home
|
|
Batting: LHB Jose Bregaro
|
0-0: Fielders Choice at 2nd, U6 (Groundball, 6M, EV 100.0 MPH)
|
| Top of the 5th over - 4 runs, 5 hits, 0 errors, 2 left on base; Miami 6 - Washington 2 |
| BOTTOM OF THE 5TH |
|
Washington Nationals batting - Pitching for Miami Marlins : RHP Link Zeller
|
|
Batting: RHB Darren McCarty Jr.
|
0-0: Ground out 6-3 (Groundball, 6S, EV 78.1 MPH)
|
|
Batting: LHB Bi-jun Chien
|
0-0: Ball 1-0: Ground out 6-3 (Groundball, 4M, EV 101.9 MPH)
|
|
Batting: LHB Bob Melley
|
0-0: Ball 1-0: Ball 2-0: SINGLE (Groundball, 34D, EV 94.4 MPH)
|
|
Batting: RHB John Sanders
|
0-0: Ball 1-0: Ball 2-0: Ball 3-0: Called Strike 3-1: Foul Ball, location: 2F 3-2: Strikes out swinging
|
| Bottom of the 5th over - 0 runs, 1 hit, 0 errors, 1 left on base; Miami 6 - Washington 2 |
| TOP OF THE 6TH |
|
Miami Marlins batting - Pitching for Washington Nationals : RHP Jon Glenn
|
|
Batting: LHB Adam Durgin
|
0-0: Ball 1-0: Called Strike 1-1: Ground out 4-3 (Groundball, 4, EV 83.1 MPH)
|
|
Batting: RHB Mike Gar
|
0-0: Ground out 6-3 (Groundball, 6, EV 93.1 MPH)
|
|
Batting: RHB Willie Chavez
|
0-0: Called Strike 0-1: Called Strike 0-2: Ball 1-2: Strikes out looking
|
| Top of the 6th over - 0 runs, 0 hits, 0 errors, 0 left on base; Miami 6 - Washington 2 |
| BOTTOM OF THE 6TH |
|
Washington Nationals batting - Pitching for Miami Marlins : RHP Link Zeller
|
|
Batting: LHB Seth Cook
|
0-0: Called Strike 0-1: Swinging Strike 0-2: Ball 1-2: Strikes out looking
|
|
Batting: RHB Dave Vargas
|
0-0: Ball 1-0: Swinging Strike 1-1: Fly out, F8 (Flyball, 8RD, EV 88.1 MPH)
|
|
Batting: LHB Jeff Luvisi
|
0-0: Swinging Strike 0-1: Ball 1-1: Foul Ball, location: 2F 1-2: Ground out 3-1 (Groundball, 34S, EV 83.1 MPH)
|
| Bottom of the 6th over - 0 runs, 0 hits, 0 errors, 0 left on base; Miami 6 - Washington 2 |
| TOP OF THE 7TH |
|
Miami Marlins batting - Pitching for Washington Nationals : RHP Jon Glenn
|
|
Pitching: RHP Caleb Westbay
|
|
|
Batting: RHB Roger Salazar
|
0-0: Called Strike 0-1: Foul Ball, location: 2F 0-2: Ground out U3 (Groundball, 34, EV 84.4 MPH)
|
|
Batting: SHB Ramon Martinez
|
0-0: Ball 1-0: Foul Ball, location: 2F 1-1: Swinging Strike 1-2: Foul Ball, location: 2F 1-2: Strikes out swinging
|
|
Batting: LHB Andre Gorter
|
0-0: Called Strike 0-1: Foul Ball, location: 2F 0-2: Ball 1-2: Fly out, F9 (Flyball, 9D, EV 106.9 MPH)
|
| Top of the 7th over - 0 runs, 0 hits, 0 errors, 0 left on base; Miami 6 - Washington 2 |
| BOTTOM OF THE 7TH |
|
Washington Nationals batting - Pitching for Miami Marlins : RHP Link Zeller
|
|
Batting: RHB Hisayuki Akiyama
|
0-0: Fly out, F7 (Flyball, 78S, EV 89.4 MPH)
|
|
Batting: RHB Dan Fallon
|
0-0: Ball 1-0: Ball 2-0: Called Strike 2-1: SOLO HOME RUN (Flyball, 78XD, EV 106.2 MPH), Distance : 441 ft
|
|
Batting: RHB Darren McCarty Jr.
|
0-0: Ball 1-0: Foul Ball, location: 2F 1-1: Foul Ball, location: 2F 1-2: Strikes out looking
|
|
Batting: LHB Bi-jun Chien
|
0-0: Ball 1-0: Called Strike 1-1: Foul Ball, location: 2F 1-2: Ground out 6-3 (Groundball, P, EV 82.5 MPH)
|
| Bottom of the 7th over - 1 run, 1 hit, 0 errors, 0 left on base; Miami 6 - Washington 3 |
| TOP OF THE 8TH |
|
Miami Marlins batting - Pitching for Washington Nationals : RHP Caleb Westbay
|
|
Batting: RHB Jimmy Groseclose
|
0-0: Called Strike 0-1: Fly out, F8 (Flyball, 8RXD, EV 93.8 MPH)
|
|
Batting: RHB Tony Stedman
|
0-0: Ball 1-0: Foul Ball, location: 2F 1-1: Ball 2-1: Foul Ball, location: 2F 2-2: Strikes out looking
|
|
Batting: LHB Jose Bregaro
|
0-0: Ball 1-0: Ground out U3 (Groundball, 3, EV 84.4 MPH)
|
| Top of the 8th over - 0 runs, 0 hits, 0 errors, 0 left on base; Miami 6 - Washington 3 |
| BOTTOM OF THE 8TH |
|
Washington Nationals batting - Pitching for Miami Marlins : RHP Link Zeller
|
|
Batting: LHB Bob Melley
|
0-0: Ball 1-0: Foul Ball, location: 2F 1-1: SINGLE (Groundball, 34D, EV 97.5 MPH)
|
|
Batting: RHB John Sanders
|
0-0: SINGLE (Groundball, 6S, EV 74.4 MPH) (infield hit) Bob Melley to second
|
|
Batting: LHB Seth Cook
|
0-0: Ball 1-0: Called Strike 1-1: Called Strike 1-2: Strikes out swinging
|
|
Batting: RHB Dave Vargas
|
0-0: Ball 1-0: Ball 2-0: Fly out, F8 (Flyball, 89M, EV 91.9 MPH)
|
|
Batting: LHB Jeff Luvisi
|
0-0: Ball 1-0: Ball 2-0: Called Strike 2-1: 3-RUN HOME RUN (Flyball, 8RXD, EV 103.8 MPH), Distance : 409 ft
|
|
Pitching: RHP Kwang-sik Kim
|
|
|
Batting: RHB Hisayuki Akiyama
|
0-0: Ball 1-0: Ball 2-0: Swinging Strike 2-1: Foul Ball, location: 2F 2-2: Foul Ball, location: 2F 2-2: Strikes out swinging
|
| Bottom of the 8th over - 3 runs, 3 hits, 0 errors, 0 left on base; Miami 6 - Washington 6 |
| TOP OF THE 9TH |
|
Miami Marlins batting - Pitching for Washington Nationals : RHP Caleb Westbay
|
|
Pitching: RHP David Sly
|
|
|
Batting: LHB Adam Durgin
|
0-0: Ball 1-0: SINGLE (Groundball, 4D, EV 105.6 MPH)
|
|
Batting: RHB Mike Gar
|
0-0: Fly out, F7 (Flyball, 78S, EV 85.6 MPH)
|
|
Batting: RHB Willie Chavez
|
0-0: Ball 1-0: Ball 2-0: Foul Ball, location: 2F 2-1: Called Strike 2-2: Ball 3-2: Base on Balls Adam Durgin to second
|
|
Batting: RHB Roger Salazar
|
0-0: Ball 1-0: Swinging Strike 1-1: Fly out, F8 (Flyball, 89M, EV 92.5 MPH) Runner from 2nd tags up, SAFE at 3rd with throw by CF
|
|
Batting: SHB Ramon Martinez
|
0-0: Foul Ball, location: 2F 0-1: Swinging Strike 0-2: Ball 1-2: Foul Ball, location: 2F 1-2: Strikes out swinging
|
| Top of the 9th over - 0 runs, 1 hit, 0 errors, 2 left on base; Miami 6 - Washington 6 |
| BOTTOM OF THE 9TH |
|
Washington Nationals batting - Pitching for Miami Marlins : RHP Kwang-sik Kim
|
|
Batting: RHB Dan Fallon
|
0-0: Called Strike 0-1: Ball 1-1: Swinging Strike 1-2: Ball 2-2: Strikes out swinging
|
|
Batting: RHB Darren McCarty Jr.
|
0-0: Called Strike 0-1: Ball 1-1: Foul Ball, location: 2F 1-2: Ball 2-2: Ball 3-2: Foul Ball, location: 2F 3-2: Base on Balls
|
|
Batting: LHB Bi-jun Chien
|
0-0: Ball 1-0: Ball 2-0: Called Strike 2-1: Fly out, F7 (Flyball, 7, EV 93.1 MPH)
|
|
Batting: LHB Bob Melley
|
0-0: Ball 1-0: Ball 2-0: Called Strike 2-1: Ball 3-1: Foul Ball, location: 2F 3-2: Foul Ball, location: 2F 3-2: Strikes out swinging
|
| Bottom of the 9th over - 0 runs, 0 hits, 0 errors, 1 left on base; Miami 6 - Washington 6 |
| TOP OF THE 10TH |
|
Miami Marlins batting - Pitching for Washington Nationals : RHP David Sly
|
|
Batting: LHB Andre Gorter
|
0-0: Ball 1-0: Called Strike 1-1: Fly out, F8 (Line Drive, 78M, EV 95.6 MPH)
|
|
Batting: RHB Jimmy Groseclose
|
0-0: Called Strike 0-1: Foul Ball, location: 2F 0-2: Ball 1-2: Foul Ball, location: 2F 1-2: Strikes out swinging
|
|
Batting: RHB Tony Stedman
|
0-0: Foul Ball, location: 2F 0-1: Foul Ball, location: 2F 0-2: Ball 1-2: Strikes out swinging
|
| Top of the 10th over - 0 runs, 0 hits, 0 errors, 0 left on base; Miami 6 - Washington 6 |
| BOTTOM OF THE 10TH |
|
Washington Nationals batting - Pitching for Miami Marlins : RHP Kwang-sik Kim
|
|
Pitching: RHP Tim Barnett
|
|
|
Batting: RHB John Sanders
|
0-0: Called Strike 0-1: Swinging Strike 0-2: Strikes out swinging
|
|
Batting: LHB Seth Cook
|
0-0: Called Strike 0-1: Ground out 4-3 (Groundball, 4, EV 81.9 MPH)
|
|
Batting: RHB Dave Vargas
|
0-0: Ball 1-0: Foul Ball, location: 2F 1-1: Ground out 5-3 (Groundball, 56, EV 108.1 MPH)
|
| Bottom of the 10th over - 0 runs, 0 hits, 0 errors, 0 left on base; Miami 6 - Washington 6 |
| TOP OF THE 11TH |
|
Miami Marlins batting - Pitching for Washington Nationals : RHP David Sly
|
|
Batting: LHB Jose Bregaro
|
0-0: Ball 1-0: Swinging Strike 1-1: Ball 2-1: Foul Ball, location: 2F 2-2: Strikes out swinging
|
|
Batting: LHB Adam Durgin
|
0-0: Called Strike 0-1: Foul Ball, location: 2F 0-2: Ball 1-2: Ball 2-2: Ground out 4-3 (Groundball, 4, EV 105.6 MPH)
|
|
Batting: RHB Mike Gar
|
0-0: Ball 1-0: Ball 2-0: Called Strike 2-1: SINGLE (Line Drive, 8LS, EV 88.1 MPH)
|
|
Pitching: RHP Travis Plesz
|
|
|
Batting: RHB Willie Chavez
|
0-0: Called Strike 0-1: Foul Ball, location: 2F 0-2: Ball 1-2: TRIPLE (Line Drive, 78XD, EV 105.0 MPH) Mike Gar scores
|
|
Batting: RHB Roger Salazar
|
0-0: DOUBLE (Flyball, 78D, EV 102.5 MPH) Willie Chavez scores
|
|
Batting: SHB Ramon Martinez
|
0-0: Ball 1-0: Ground out 4-3 (Groundball, 4M, EV 103.1 MPH)
|
| Top of the 11th over - 2 runs, 3 hits, 0 errors, 1 left on base; Miami 8 - Washington 6 |
| BOTTOM OF THE 11TH |
|
Washington Nationals batting - Pitching for Miami Marlins : RHP Tim Barnett
|
|
Batting: LHB Jeff Luvisi
|
0-0: Called Strike 0-1: Called Strike 0-2: Foul Ball, location: 2F 0-2: Ball 1-2: TRIPLE (Line Drive, 89XD, EV 106.9 MPH)
|
|
Batting: RHB Hisayuki Akiyama
|
0-0: Ball 1-0: Ball 2-0: Called Strike 2-1: Called Strike 2-2: Ground out 5-3 (Groundball, 56, EV 91.9 MPH) Jeff Luvisi scores
|
|
Batting: RHB Dan Fallon
|
0-0: Foul Ball, location: 2F 0-1: Ball 1-1: SOLO HOME RUN (Flyball, 9LD, EV 97.5 MPH), Distance : 375 ft
|
|
Batting: RHB Darren McCarty Jr.
|
0-0: Ball 1-0: Foul Ball, location: 2F 1-1: Ball 2-1: Ground out 5-3 (Groundball, 5L, EV 105.6 MPH)
|
|
Batting: LHB Bi-jun Chien
|
0-0: Called Strike 0-1: Ball 1-1: Ball 2-1: Called Strike 2-2: Strikes out looking
|
| Bottom of the 11th over - 2 runs, 2 hits, 0 errors, 0 left on base; Miami 8 - Washington 8 |
| TOP OF THE 12TH |
|
Miami Marlins batting - Pitching for Washington Nationals : RHP Travis Plesz
|
|
Pitching: RHP Lionardo Rabelo
|
|
|
Batting: LHB Andre Gorter
|
0-0: Ball 1-0: Ball 2-0: Ball 3-0: Base on Balls
|
|
Batting: RHB Jimmy Groseclose
|
0-0: Foul Ball, location: 2F 0-1: Ball 1-1: Foul Ball, location: 2F 1-2: SINGLE (Line Drive, 7S, EV 102.5 MPH) Andre Gorter to second
|
|
Batting: RHB Tony Stedman
|
0-0: Ball 1-0: Called Strike 1-1: Foul Ball, location: 2F 1-2: Ball 2-2: Fly out, F9 (Flyball, 9LS, EV 97.5 MPH)
|
|
Batting: LHB Jose Bregaro
|
0-0: Called Strike Andre Gorter steals 3rd base Jimmy Groseclose to second 0-1: Ball 1-1: Fly out, F9 (Flyball, 89M, EV 91.9 MPH) Runner from 3rd tags up, SCORES, throw by RF Jimmy Groseclose to third
|
|
Batting: LHB Adam Durgin
|
0-0: Intentional Walk
|
|
Batting: RHB Mike Gar
|
0-0: Ball 1-0: Foul Ball, location: 2F 1-1: Ball 2-1: Ball 3-1: Foul Ball, location: 2F 3-2: Strikes out swinging
|
| Top of the 12th over - 1 run, 1 hit, 0 errors, 2 left on base; Miami 9 - Washington 8 |
| BOTTOM OF THE 12TH |
|
Washington Nationals batting - Pitching for Miami Marlins : RHP Tim Barnett
|
|
Batting: LHB Bob Melley
|
0-0: Ball 1-0: SOLO HOME RUN (Line Drive, 7D, EV 100.0 MPH), Distance : 391 ft
|
|
Batting: RHB John Sanders
|
0-0: SOLO HOME RUN (Flyball, 7D, EV 99.4 MPH), Distance : 369 ft
|
| Bottom of the 12th over - 2 runs, 2 hits, 0 errors, 0 left on base; Miami 9 - Washington 10 |
|